 Dungeon Crawl Stone Soup version 0.15.0-14-g6bbbb5c (webtiles) character file.

15465 Johnny the Conjurer (level 11, -4/82 HPs)
             Began as a Demigod Conjurer on Sept 5, 2014.
             Slain by a black mamba (10 damage)
             ... on Level 3 of the Lair of Beasts.
             The game lasted 01:05:44 (17538 turns).

Johnny the Conjurer (Demigod Conjurer)             Turns: 17538, Time: 01:05:44

HP  -4/82        AC 16     Str 13 (16) XL: 11   Next: 69%
MP  11/30        EV 16     Int 32      God:
Gold 554         SH  6     Dex 20      Spells:  7 memorised,  2 levels left

rFire  + . .     SeeInvis .     y - +3 mace (protect)
rCold  . . .     Rnd*Rage +     x - +1 leather armour {rF+}
rNeg   . . .     rCorr    .     a - +1 buckler of an ice cave {Str+4 Int+4}
rPois  .         rRot     .     Q - +0 helmet
rElec  .         Spirit   .     p - +0 cloak
SustAb .         Warding  .     f - +2 pair of gloves
rMut   .         Stasis   .     o - +0 pair of boots
Gourm  .                        (no amulet)
MR     +....                    (no ring)
                                i - +1 ring of dexterity

@: brilliant, lethally poisoned, exhausted, slowed, very slow, somewhat
resistant to hostile enchantments, fairly stealthy
A: berserk 1, screaming 1, placid magic 1
a: no special abilities


You were on level 3 of the Lair of Beasts.
You were very hungry.

You visited 2 branches of the dungeon, and saw 12 of its levels.
You also visited: Ossuary.

You collected 554 gold pieces.

Inventory:

Hand weapons
 k - a +0 long sword of electrocution
 q - a cursed +2 dagger of pain
 s - a +2 mace of freezing
 y - a +3 mace of protection (weapon)
 J - the +1 trident "Zairiab" {pierce, Str-4 Int+2}
   (You found it on level 1 of the Lair of Beasts)

   It inflicts extra damage upon your enemies.
   It affects your strength (-4).
   It affects your intelligence (+2).
Armour
 a - the cursed +1 buckler of an ice cave (worn) {Str+4 Int+4}
   (You found it on level 2 of the Lair of Beasts)

   It affects your strength (+4).
   It affects your intelligence (+4).
   It has a curse placed upon it.
 f - a +2 pair of gloves (worn)
 o - a +0 pair of boots (worn)
 p - a +0 cloak (worn)
 t - a cursed +1 leather armour of cold resistance
 x - a +1 leather armour of fire resistance (worn)
 Q - a +0 helmet (worn)
Magical devices
 b - a wand of flame (2)
 g - a wand of frost (4)
 F - a wand of polymorph (15) {unknown}
 G - a wand of frost (9)
 H - a wand of digging (17)
Comestibles
 z - a rotting chunk of hound flesh
Scrolls
 h - 3 scrolls of fog
 m - 6 scrolls of remove curse
 r - a scroll of recharging
 u - 2 scrolls of amnesia
 D - a scroll of immolation
 O - a scroll of magic mapping
Jewellery
 i - a +1 ring of dexterity (left hand)
Potions
 e - 4 potions of curing
 j - a potion of porridge
 l - 3 potions of might
 n - 3 potions of brilliance
 v - 2 potions of degeneration
 w - 2 potions of haste {unknown}
 A - a potion of resistance {unknown}
 B - a potion of restore abilities {unknown}
 C - 2 potions of mutation {unknown}
 I - a potion of heal wounds {unknown}
Books
 c - a book of Conjurations

   Spells                             Type                      Level
   *Magic Dart                        Conjuration                  1
   *Searing Ray                       Conjuration                  2
   *Dazzling Spray                    Conjuration/Hexes            3
   Fulminant Prism                    Conjuration/Hexes            4
   *Iskenderun's Mystic Blast         Conjuration                  4
   *Iskenderun's Battlesphere         Conjuration/Charms           5
 E - a book of Wizardry

   Spells                             Type                      Level
   Agony                              Necromancy                   5
   Force Lance                        Conjuration                  5
   Dispersal                          Translocation                6
   Haste                              Charms                       6
   Invisibility                       Hexes                        6
   Spellforged Servitor               Conjuration/Summoning        7
 L - a book of Power

   Spells                             Type                      Level
   Fulminant Prism                    Conjuration/Hexes            4
   *Iskenderun's Mystic Blast         Conjuration                  4
   *Venom Bolt                        Conjuration/Poison           5
   *Bolt of Magma                     Conjuration/Fire/Earth       5
   Iron Shot                          Conjuration/Earth            6
   Orb of Destruction                 Conjuration                  7
 M - a book of Frost

   Spells                             Type                      Level
   Freeze                             Ice                          1
   Throw Frost                        Conjuration/Ice              2
   Ozocubu's Armour                   Charms/Ice                   3
   Throw Icicle                       Conjuration/Ice              4
   Summon Ice Beast                   Ice/Summoning                4
   Condensation Shield                Ice                          4


   Skills:
 + Level 3.6 Fighting
 + Level 3.7 Maces & Flails
 + Level 0.6 Polearms
 + Level 4.2 Armour
 + Level 7.4 Dodging
 + Level 5.0 Stealth
 + Level 1.6 Shields
 + Level 8.6 Spellcasting
 + Level 9.6 Conjurations
 + Level 4.5 Hexes
 + Level 1.0 Charms
 + Level 1.6 Fire Magic
 + Level 1.3 Earth Magic
 + Level 1.4 Poison Magic
 + Level 1.7 Evocations


You had 2 spell levels left.
You knew the following spells:

 Your Spells              Type           Power        Failure   Level  Hunger
a - Magic Dart            Conj           ####         0%          1    None
b - Searing Ray           Conj           ######       0%          2    None
c - Dazzling Spray        Conj/Hex       ######..     1%          3    None
d - Iskenderun's Mystic   Conj           ######..     1%          4    None
e - Venom Bolt            Conj/Pois      #####.....   1%          5    ###....
f - Iskenderun's Battles  Conj/Chrm      #####...     1%          5    ###....
g - Bolt of Magma         Conj/Fire/Erth #####.....   1%          5    ###....


Dungeon Overview and Level Annotations

Branches:
Dungeon (8/15)             Temple (0/1) D:4            Lair (4/8) D:8
  Snake (0/5) Lair:4
  Swamp: Lair:3-6    Shoals: Lair:3-6


Innate Abilities, Weirdness & Mutations

You tend to lose your temper in combat.
You occasionally shout uncontrollably at your foes.
Your spells are a little easier to cast, but a little less powerful.


Message History

* * * LOW HITPOINT WARNING * * *
You feel very sick. The black mamba completely misses you.
The black mamba closely misses you. You block the black mamba's attack.
The green rat closely misses you. You block the black mamba's attack.
The green rat bites you.
* * * LOW HITPOINT WARNING * * *
The black mamba completely misses you.
Drink which item? (? for menu, Esc to quit)
There was something very wrong with that liquid!
You feel weakened.
It was a potion of degeneration.
* * * LOW HITPOINT WARNING * * *
You feel very sick. The black mamba barely misses you.
The black mamba bites you.
* * * LOW HITPOINT WARNING * * *
The black mamba misses you.
The green rat bites you but does no damage.
The green rat closely misses you. You block the black mamba's attack.
The black mamba bites you!
You die...

,***,* ###..#..##.##..####### **
*,** *#.##.....)..##.#P## *,,*
#...#......###..... *,,*
#....##+###.##.###. *,,*
####........##.*#.# ## *,***
#.............###.#### *
*,,,***###.......##.#.P##.P#P# *
*,,,...#....r#S...#.P........P **
**,,........D@...##P...#..#≈..
,*****,...##...Sr.#..#.........≈≈
,*,*,,*,....r........P...%....≈≈≈
,,****,,.P.##..#...%PP.....P..≈≈≈
,******,##**#..............#..≈≈≈
,,,,,*,,,* #....P.%.##.......≈≈≈≈
,,,,,,,,** ##.......#.#......≈≈≈≈
,,***,,,* #....P........#...$.≈.
*** ***,** *[........#..##.......


You could see a seven-headed hydra, 2 black mambas and 3 green rats.

Vanquished Creatures
  Rupert (Lair:3)
  Pikel (D:7)
  An oklob plant (Lair:1)
  5 elephants
  3 black mambas (Lair:4)
  A centaur zombie (D:8)
  3 spiny frogs
  A komodo dragon (Lair:2)
  A fire drake (Lair:3)
  10 blink frogs
  10 water moccasins
  Eustachio (D:7)
  3 hippogriffs
  A deep elf fighter (D:8)
  13 yaks
  4 wolves (Lair:2)
  2 porcupines
  An orc warrior (D:8)
  An ice beast (D:5)
  2 phantoms
  4 ogres
  A centaur (D:5)
  3 crocodiles
  Sigmund (D:2)
  5 giant frogs
  A big kobold (D:7)
  Blork the orc (D:5)
  5 water moccasin zombies (Ossuary)
  A wyvern skeleton (D:7)
  A scorpion (D:4)
  2 vampire bats (D:4)
  3 goliath beetles
  4 crimson imps
  An orc priest (D:5)
  7 hounds
  3 iguanas
  5 worker ants
  An orc wizard (D:5)
  4 big kobold zombies
  An ogre skeleton (D:6)
  2 hound skeletons (D:5)
  3 mummies
  15 green rats
  A worker ant zombie (D:6)
  14 adders
  3 gnolls (D:4)
  A goliath beetle zombie (D:6)
  An inept feature mimic (D:5)
  An inept item mimic (D:4)
  4 worms
  2 shadow imps
  6 adder zombies
  An ooze (D:4)
  15 orcs
  6 bat skeletons (D:4)
  2 bat zombies
  7 giant cockroaches
  5 hobgoblins
  5 jackals (D:4)
  11 quokkas
  17 bats
  7 giant geckos
  5 giant newts
  A giant spore (D:8)
  2 gnoll zombies (Ossuary)
  9 goblins
  A goblin skeleton (D:4)
  9 hobgoblin zombies (Ossuary)
  12 kobolds
  A kobold skeleton (D:6)
  3 kobold zombies (Ossuary)
  8 orc zombies (Ossuary)
  13 rats
  A rat zombie (D:5)
  A ballistomycete (D:8)
  A plant (Lair:1)
315 creatures vanquished.

Vanquished Creatures (others)
  A blink frog (Lair:3)
  2 yaks (Lair:3)
  A black bear (D:7)
  2 slaves (D:7)
  A crocodile (Lair:3)
  A giant frog (D:8)
  A rat (D:7)
  6 fungi
  A plant (Lair:3)
16 creatures vanquished.

Grand Total: 331 creatures vanquished

Notes
Turn   | Place    | Note
--------------------------------------------------------------
     0 | D:1      | Johnny, the Demigod Conjurer, began the quest for the Orb.
     0 | D:1      | Reached XP level 1. HP: 14/14 MP: 3/3
   756 | D:2      | Reached skill level 4 in Conjurations
   756 | D:2      | Reached XP level 2. HP: 12/20 MP: 0/4
  1234 | D:2      | Reached XP level 3. HP: 26/26 MP: 3/7
  1238 | D:2      | Noticed Sigmund
  1288 | D:3      | HP: 1/26 [giant gecko (3)]
  1901 | D:3      | Learned a level 2 spell: Searing Ray
  1986 | D:2      | HP: 1/26 [goblin/dagger (4)]
  2338 | D:2      | Found a burning altar of Makhleb.
  2338 | D:2      | Noticed a cacodemon
  2568 | D:2      | HP: 1/26 [Sigmund/magic dart (5)]
  2598 | D:2      | Killed Sigmund
  2598 | D:2      | Reached XP level 4. HP: 13/33 MP: 0/11
  3038 | D:3      | Reached XP level 5. HP: 38/38 MP: 6/12
  3043 | D:3      | Learned a level 3 spell: Dazzling Spray
  3048 | D:3      | Found a glowing golden altar of the Shining One.
  3172 | D:3      | Found a stormy altar of Qazlal.
  3695 | D:4      | Noticed an ogre
  3705 | D:4      | Killed an ogre
  3705 | D:4      | Reached skill level 5 in Conjurations
  4089 | D:4      | Found an ancient bone altar of Kikubaaqudgha.
  4096 | D:4      | Reached XP level 6. HP: 43/45 MP: 17/17
  4144 | D:4      | Found a staircase to the Ecumenical Temple.
  4219 | D:4      | Found a bloodstained altar of Trog.
  4752 | D:4      | Found a shadowy altar of Dithmenos.
  5168 | D:5      | Entered Level 5 of the Dungeon
  5178 | D:5      | Reached skill level 1 in Armour
  5180 | D:5      | Reached skill level 1 in Maces & Flails
  5180 | D:5      | Reached XP level 7. HP: 42/51 MP: 1/19
  5311 | D:5      | Reached skill level 1 in Hexes
  5434 | D:5      | Reached skill level 1 in Fighting
  5439 | D:5      | Found a blossoming altar of Fedhas.
  6053 | D:5      | Found a staircase to the Ecumenical Temple.
  6059 | D:5      | the staircase to the Ecumenical Temple was a mimic.
  6537 | D:5      | Noticed Blork the orc
  6547 | D:5      | Killed Blork the orc
  6772 | D:6      | Found a sparkling altar of Nemelex Xobeh.
  6910 | D:6      | Reached skill level 6 in Conjurations
  6910 | D:6      | Reached XP level 8. HP: 21/59 MP: 5/21
  7062 | D:6      | Learned a level 4 spell: Iskenderun's Mystic Blast
  7290 | D:6      | Reached skill level 1 in Evocations
  7375 | D:6      | Found a sand-covered staircase.
  7397 | Ossuary  | Entered an ossuary
  9013 | D:7      | Learned a level 5 spell: Force Lance
  9692 | D:7      | Noticed Pikel
  9730 | D:7      | Killed Pikel
  9730 | D:7      | Reached skill level 5 in Dodging
  9730 | D:7      | Reached skill level 5 in Spellcasting
  9730 | D:7      | Reached skill level 7 in Conjurations
  9730 | D:7      | Reached XP level 9. HP: 39/67 MP: 2/24
  9868 | D:7      | Noticed Eustachio
  9871 | D:7      | Killed Eustachio
 10836 | D:8      | Found a staircase to the Lair.
 11356 | Lair:1   | Entered Level 1 of the Lair of Beasts
 11532 | Lair:1   | Got a warped trident
 11533 | Lair:1   | Identified the cursed +1 trident "Zairiab" {pierce, Str-4 Int+2} (You found it on level 1 of the Lair of Beasts)
 11683 | Lair:1   | Noticed a spiny frog
 11692 | Lair:1   | Killed a spiny frog
 11805 | Lair:1   | Reached XP level 10. HP: 74/74 MP: 14/27
 12439 | Lair:1   | Noticed an oklob plant
 12514 | Lair:1   | Killed an oklob plant
 12514 | Lair:1   | Reached skill level 8 in Conjurations
 12826 | Lair:1   | Learned a level 6 spell: Iron Shot
 12906 | Lair:1   | Gained mutation: You occasionally shout uncontrollably at your foes. [mutagenic glow]
 12939 | Lair:1   | Gained mutation: Your spells are a little easier to cast, but a little less powerful. [mutagenic glow]
 12991 | Lair:1   | Gained mutation: You tend to lose your temper in combat. [mutagenic glow]
 13197 | Lair:1   | Learned a level 5 spell: Iskenderun's Battlesphere
 13334 | Lair:2   | Got a crude buckler
 13340 | Lair:2   | Identified the cursed +1 buckler of an ice cave {Str+4 Int+4} (You found it on level 2 of the Lair of Beasts)
 14298 | Lair:2   | Learned a level 5 spell: Venom Bolt
 15284 | Lair:2   | Reached skill level 9 in Conjurations
 15284 | Lair:2   | Reached XP level 11. HP: 82/82 MP: 6/29
 15334 | Lair:3   | Reached skill level 1 in Shields
 15534 | Lair:2   | Reached skill level 1 in Poison Magic
 16214 | Lair:3   | Learned a level 5 spell: Bolt of Magma
 16687 | Lair:3   | Reached skill level 1 in Charms
 16820 | Lair:3   | Reached skill level 1 in Fire Magic
 16837 | Lair:3   | Noticed Rupert
 16879 | Lair:3   | Killed Rupert
 16879 | Lair:3   | Reached skill level 5 in Stealth
 17090 | Lair:3   | Noticed a seven-headed hydra
 17196 | Lair:4   | Reached skill level 1 in Earth Magic
 17504 | Lair:4   | Found a staircase to the Snake Pit.
 17538 | Lair:3   | Slain by a black mamba

Action                   |  1- 3 |  4- 6 |  7- 9 | 10-12 || total
-------------------------+-------+-------+-------+-------++-------
Melee: Spear             |    22 |    20 |       |       ||    42
       Short sword       |     7 |       |       |       ||     7
       Mace              |       |    45 |   311 |   148 ||   504
 Cast: Magic Dart        |    69 |    90 |   114 |   123 ||   396
       Searing Ray       |     4 |     5 |     6 |     1 ||    16
       Dazzling Spray    |       |    14 |   109 |    80 ||   203
       Iskenderun's Myst |       |       |    35 |     8 ||    43
       Force Lance       |       |       |    24 |    11 ||    35
       Iskenderun's Batt |       |       |       |    25 ||    25
       Venom Bolt        |       |       |       |    14 ||    14
       Bolt of Magma     |       |       |       |    15 ||    15
Evoke: Wand              |       |       |     6 |     4 ||    10
  Use: Potion            |     4 |       |       |     8 ||    12
       Scroll            |       |     3 |     7 |    10 ||    20
 Stab: Distracted        |       |     1 |       |       ||     1
       Invisible         |       |     2 |    14 |     2 ||    18
       Sleeping          |       |       |     2 |       ||     2
  Eat: Bread ration      |     1 |     1 |     4 |     3 ||     9
       Meat ration       |     1 |       |     1 |       ||     2
       Chunk             |       |     2 |     3 |    13 ||    18
       Fruit             |       |       |     6 |     6 ||    12
       Pizza             |       |       |     3 |       ||     3
       Beef jerky        |       |       |     3 |       ||     3
